 Dungeon Crawl Stone Soup version 0.16-a0-139-gc9fe9b1 (webtiles) character file.

10 Bloax the Insei (level 2, 0/16 HPs)
             Began as a Vine Stalker Monk on Aug 13, 2014.
             Succumbed to an adder's poison
             ... on Level 3 of the Dungeon.
             The game lasted 00:00:35 (128 turns).

Bloax the Insei (Vine Stalker Monk)                  Turns: 128, Time: 00:00:36

HP   0/16        AC  5     Str 13      XL: 2   Next: 20%
MP   0/4         EV  9     Int 10      God:
Gold 11          SH  0     Dex 16      Spells:  0 memorised,  3 levels left

rFire  . . .     SeeInvis .       - Unarmed
rCold  . . .     Clarity  .     g - +0 ring mail
rNeg   . . .     rCorr    .     (no shield)
rPois  .         rRot     +     (no helmet)
rElec  .         Spirit   +     (no cloak)
SustAb .         Warding  .     (no gloves)
rMut   .         Stasis   .     (no boots)
Gourm  .                        (no amulet)
MR     .....                    (no ring)
                                (no ring)

@: lethally poisoned, invisible, not resistant to hostile enchantments,
unstealthy
A: fangs 2, regeneration 1, magic shield, antimagic bite, no device heal 3, rot
immunity
a: no special abilities


You were on level 3 of the Dungeon.
You were not hungry.

You visited 1 branch of the dungeon, and saw 3 of its levels.

You collected 11 gold pieces.


Innate Abilities, Weirdness & Mutations

You have extremely sharp teeth.
Your natural rate of healing is unusually fast.
When hurt, damage is shared between your health and your magic reserves.
Your bite disrupts and absorbs the magic of your enemies.
Potions and wands cannot restore your health.
You are immune to rotting.


   Skills:
 - Level 2.6 Fighting
 - Level 2.4 Dodging
 - Level 2.4 Stealth
 + Level 4.2 Unarmed Combat
 + Level 1.2 Spellcasting


You had 3 spell levels left.
You didn't know any spells.

Dungeon Overview and Level Annotations

Branches:
Dungeon (3/15)

Altars:

Inventory:

Armour
 g - a +0 ring mail (worn)
   (You found it on level 2 of the Dungeon)
Comestibles
 b - a bread ration
Scrolls
 a - a scroll of teleportation {unknown}
 c - a scroll of amnesia {unknown}
 e - a scroll of remove curse {unknown}
Potions
 d - a potion of agility {unknown}

##########
#.........
#@########
#S#..#####
#.####go......#
#.....r...###.#
#%#.##....###.#
# #.(.(.....#
#.#.....##..#
#.......<...#
..S#.....#...#


You could see an adder, an orc, a hobgoblin and a rat.


Message History

You finish taking off your +0 robe.
You finish putting on your +0 ring mail.
Drop what? (_ for help) (? for menu, Esc to quit)
You drop a +0 robe.
You see here a short sword.
a - a scroll labeled ROYPEO KHITZYCE
There is a stone staircase leading down here.
You climb downwards.
A rat, a hobgoblin, a kobold and an orc come into view.
The kobold shouts!
The orc shouts!
You hear a shout!
You hear a shout!
The hobgoblin shouts!
There is a stone staircase leading up here.
An orc comes into view. It is wielding a dagger.
The orc shouts!
The kobold throws a stone.
The stone barely misses you.
The orc moves out of view.
An orc comes into view. It is wielding a flail.
The kobold throws a stone.
The stone hits you but does no damage.
You see here a stone.
An adder comes into view.
Found a bread ration.
The orc hits you with a dagger.
You barely miss the orc. The orc hits you with a dagger.
You hit the orc.
The orc is severely wounded.
The orc closely misses you.
You hit the orc.
You kill the orc!
Your Spellcasting skill increases to level 1!
You have reached level 2!
The orc closely misses you.
You barely miss the orc. You hit the orc. You bite the orc, but do no damage.
The orc is moderately wounded.
The orc hits you with a dagger.
You hit the orc.
The orc is heavily wounded.
The orc hits you with a dagger.
* * * LOW HITPOINT WARNING * * *
The orc hits you but does no damage.
Your ring mail prevents you from hitting the orc.
You punch the orc.
The orc is severely wounded.
You closely miss the orc.
The orc is severely wounded.
The orc completely misses you.
You hit the orc.
The orc is almost dead.
The orc completely misses you.
You hit the orc but do no damage.
The orc is almost dead.
The orc hits you with a dagger.
* * * LOW HITPOINT WARNING * * *
The orc hits you with a dagger.
* * * LOW HITPOINT WARNING * * *
You hit the orc.
You kill the orc!
You hit the kobold but do no damage. The kobold hits you but does no damage.
You closely miss the kobold. The kobold barely misses you.
You hit the kobold.
You kill the kobold!
The adder bites you.
* * * LOW HITPOINT WARNING * * *
You are lethally poisoned!
The adder poisons you!
Unknown command.
Drink which item? (? for menu, Esc to quit)
You fade into invisibility!
It was a potion of invisibility.
You die...

Action                   || total
-------------------------++-------
Melee: Unarmed           ||    25
  Use: Potion            ||     1
 Stab: Sleeping          ||     1

Vault maps used:
D:1:      dpeg_arrival_tiny_g
D:2:      first_bread
D:3:      forest_paths, lemuel_coloured_pillars_altar, uniq_jessica

Notes
Turn   | Place    | Note
--------------------------------------------------------------
     0 | D:1      | Bloax, the Vine Stalker Monk, began the quest for the Orb.
     0 | D:1      | Reached XP level 1. HP: 11/11 MP: 1/1
   116 | D:3      | Reached skill level 1 in Spellcasting
   116 | D:3      | Reached XP level 2. HP: 10/16 MP: 2/4
   123 | D:3      | HP: 3/16 [orc/dagger (3)]
   127 | D:3      | HP: 1/16 [adder (3)]
   128 | D:3      | Succumbed to an adder's poison

Vanquished Creatures
  2 orcs (D:3)
  A goblin (D:1)
  A hobgoblin (D:1)
  2 kobolds
  2 rats (D:1)
8 creatures vanquished.
